TOP OF THE 1ST |
Northville Eclipse batting - Pitching for Athletic Club KC Academy : RHP Rafael Valadez
|
Pitching: RHP Rafael Valadez
|
|
Batting: RHB Alfonso Grappasonni
|
0-0: Ball 1-0: Foul Ball, location: 2F 1-1: Called Strike 1-2: Ground out 5-3 (Groundball, 5L)
|
Batting: LHB Darrell Woodmansee
|
0-0: Called Strike 0-1: Swinging Strike 0-2: Strikes out swinging
|
Batting: LHB Koen van den Bogaert
|
0-0: Ball 1-0: Ball 2-0: Ball 3-0: Base on Balls
|
Batting: RHB Cosmo Bjorkenheim
|
0-0: Ball 1-0: Fielders Choice at 2nd, 4-6 (Groundball, 4)
|
Top of the 1st over - 0 run(s), 0 hit(s), 0 error(s), 0 left on base; Northville 0 - Athletic Club KC Academy 0 |
BOTTOM OF THE 1ST |
Athletic Club KC Academy batting - Pitching for Northville Eclipse : LHP Zalontae Hillary
|
Pitching: LHP Zalontae Hillary
|
|
Batting: LHB Tsai Ng
|
0-0: Ball 1-0: SOLO HOME RUN (Flyball, 9D), Distance : 362 ft
|
Batting: RHB Jesús Vargas
|
0-0: Ball 1-0: Ball 2-0: Ball 3-0: Called Strike 3-1: Base on Balls
|
Batting: LHB Tony García
|
Pickoff Throw to First - Error! E1 Jesús Vargas to second 0-0: Ball 1-0: Called Strike Jesús Vargas is caught stealing 3rd base 1-1: Ball 2-1: Ground out 4-3 (Groundball, 4)
|
Batting: RHB Andrés Medina
|
0-0: Foul Ball, location: 2F 0-1: Swinging Strike 0-2: Strikes out looking
|
Bottom of the 1st over - 1 run(s), 1 hit(s), 1 error(s), 0 left on base; Northville 0 - Athletic Club KC Academy 1 |
TOP OF THE 2ND |
Northville Eclipse batting - Pitching for Athletic Club KC Academy : RHP Rafael Valadez
|
Batting: RHB Luis Guerrero
|
0-0: Ball 1-0: Called Strike 1-1: Foul Ball, location: 2F 1-2: Strikes out swinging
|
Batting: RHB John Townsend
|
0-0: Foul Ball, location: 2F 0-1: Foul Ball, location: 2F 0-2: SINGLE (Line Drive, 4MD)
|
Batting: RHB Dave Shaw
|
0-0: Called Strike 0-1: Fielders Choice at 2nd, 4-6 (Groundball, 4)
|
Batting: RHB Ghislain Vespucci
|
0-0: Swinging Strike Throwing error on steal attempt, E2 Dave Shaw to third 0-1: Ground out 1-3 (Groundball, 13)
|
Top of the 2nd over - 0 run(s), 1 hit(s), 1 error(s), 1 left on base; Northville 0 - Athletic Club KC Academy 1 |
BOTTOM OF THE 2ND |
Athletic Club KC Academy batting - Pitching for Northville Eclipse : LHP Zalontae Hillary
|
Batting: LHB Matt Herman
|
0-0: Ball 1-0: Foul Ball, location: 2F 1-1: Swinging Strike 1-2: SINGLE (Groundball, 56D)
|
Batting: LHB Héctor Barrios
|
0-0: Foul Ball, location: 2F 0-1: Ball 1-1: Called Strike 1-2: Strikes out looking
|
Batting: RHB Fernando Rodríguez
|
0-0: Ground out 6-3 (Groundball, 6S) Matt Herman to second
|
Batting: SHB Gerald Merendino
|
0-0: Ball 1-0: Ball 2-0: Called Strike 2-1: 2-RUN HOME RUN (Flyball, 7LD), Distance : 359 ft
|
Batting: RHB Mauro Valverde
|
0-0: Called Strike 0-1: Foul Ball, location: 2F 0-2: Ball 1-2: Ball 2-2: Foul Ball, location: 2F 2-2: Strikes out swinging
|
Bottom of the 2nd over - 2 run(s), 2 hit(s), 0 error(s), 0 left on base; Northville 0 - Athletic Club KC Academy 3 |
TOP OF THE 3RD |
Northville Eclipse batting - Pitching for Athletic Club KC Academy : RHP Rafael Valadez
|
Batting: RHB Dan Hart
|
0-0: Foul Ball, location: 2F 0-1: Foul Ball, location: 2F 0-2: Ball 1-2: Ball 2-2: Foul Ball, location: 2F 2-2: Ball 3-2: Foul Ball, location: 2F 3-2: Base on Balls
|
Batting: RHB Alfonso Grappasonni
|
0-0: Called Strike 0-1: Ground out 5-3 (Groundball, 5S) Dan Hart to second
|
Batting: LHB Darrell Woodmansee
|
0-0: Called Strike 0-1: Foul Ball, location: 2F 0-2: Ball 1-2: Foul Ball, location: 2F 1-2: Foul Ball, location: 2F 1-2: Strikes out swinging
|
Batting: LHB Koen van den Bogaert
|
0-0: Ball 1-0: Fly out, F5 (Popup, 56S)
|
Top of the 3rd over - 0 run(s), 0 hit(s), 0 error(s), 1 left on base; Northville 0 - Athletic Club KC Academy 3 |
BOTTOM OF THE 3RD |
Athletic Club KC Academy batting - Pitching for Northville Eclipse : LHP Zalontae Hillary
|
Batting: LHB Tsai Ng
|
0-0: SOLO HOME RUN (Flyball, 89XD), Distance : 423 ft
|
Batting: RHB Jesús Vargas
|
0-0: Called Strike 0-1: Fly out, F5 (Line Drive, 5L)
|
Batting: LHB Tony García
|
0-0: Ball 1-0: Ball 2-0: Ball 3-0: Called Strike 3-1: Base on Balls
|
Batting: RHB Andrés Medina
|
0-0: Foul Ball, location: 2F 0-1: Fly out, F7 (Flyball, 7S)
|
Batting: LHB Matt Herman
|
0-0: Called Strike 0-1: Foul Ball, location: 2F 0-2: Strikes out looking
|
Bottom of the 3rd over - 1 run(s), 1 hit(s), 0 error(s), 1 left on base; Northville 0 - Athletic Club KC Academy 4 |
TOP OF THE 4TH |
Northville Eclipse batting - Pitching for Athletic Club KC Academy : RHP Rafael Valadez
|
Batting: RHB Cosmo Bjorkenheim
|
0-0: Foul Ball, location: 2F 0-1: Fly out, F6 (Line Drive, 6)
|
Batting: RHB Luis Guerrero
|
0-0: Fly out, F9 (Flyball, 9)
|
Batting: RHB John Townsend
|
0-0: Ground out 5-3 (Groundball, 56S)
|
Top of the 4th over - 0 run(s), 0 hit(s), 0 error(s), 0 left on base; Northville 0 - Athletic Club KC Academy 4 |
BOTTOM OF THE 4TH |
Athletic Club KC Academy batting - Pitching for Northville Eclipse : LHP Zalontae Hillary
|
Batting: LHB Héctor Barrios
|
0-0: Called Strike 0-1: Called Strike 0-2: Ball 1-2: Ground out 6-3 (Groundball, 6)
|
Batting: RHB Fernando Rodríguez
|
0-0: Called Strike 0-1: Foul Ball, location: 2F 0-2: Ball 1-2: Strikes out swinging
|
Batting: SHB Gerald Merendino
|
0-0: Ball 1-0: Fly out, F8 (Line Drive, 8RM)
|
Bottom of the 4th over - 0 run(s), 0 hit(s), 0 error(s), 0 left on base; Northville 0 - Athletic Club KC Academy 4 |
TOP OF THE 5TH |
Northville Eclipse batting - Pitching for Athletic Club KC Academy : RHP Rafael Valadez
|
Batting: RHB Dave Shaw
|
0-0: Ball 1-0: Ball 2-0: Ball 3-0: Called Strike 3-1: Ground out 5-3 (Groundball, 56)
|
Batting: RHB Ghislain Vespucci
|
0-0: Ball 1-0: Called Strike 1-1: Ball 2-1: Foul Ball, location: 2F 2-2: Ground out U3 (Groundball, 34S)
|
Batting: RHB Dan Hart
|
0-0: Ball 1-0: Ball 2-0: Foul Ball, location: 2F 2-1: Called Strike 2-2: Foul Ball, location: 2F 2-2: SINGLE (Groundball, 34D)
|
Batting: RHB Alfonso Grappasonni
|
0-0: Called Strike 0-1: Foul Ball, location: 2F 0-2: Foul Ball, location: 2F 0-2: Strikes out swinging
|
Top of the 5th over - 0 run(s), 1 hit(s), 0 error(s), 1 left on base; Northville 0 - Athletic Club KC Academy 4 |
BOTTOM OF THE 5TH |
Athletic Club KC Academy batting - Pitching for Northville Eclipse : LHP Zalontae Hillary
|
Batting: RHB Mauro Valverde
|
0-0: Ball 1-0: Ball 2-0: Ground out 6-3 (Groundball, 6M)
|
Batting: LHB Tsai Ng
|
0-0: Ball 1-0: Ball 2-0: Ball 3-0: Called Strike 3-1: Base on Balls
|
Batting: RHB Jesús Vargas
|
0-0: Called Strike 0-1: Fly out, F8 (Flyball, 8RM)
|
Batting: LHB Tony García
|
0-0: Called Strike Tsai Ng steals 2nd base 0-1: Ball 1-1: Called Strike 1-2: Ball 2-2: Ground out 4-3 (Groundball, 4)
|
Bottom of the 5th over - 0 run(s), 0 hit(s), 0 error(s), 1 left on base; Northville 0 - Athletic Club KC Academy 4 |
TOP OF THE 6TH |
Northville Eclipse batting - Pitching for Athletic Club KC Academy : RHP Rafael Valadez
|
Batting: LHB Darrell Woodmansee
|
0-0: Ball 1-0: Called Strike 1-1: Called Strike 1-2: Ground out U3 (Groundball, 34)
|
Batting: LHB Koen van den Bogaert
|
0-0: Called Strike 0-1: Ball 1-1: Ball 2-1: Ground out U3 (Groundball, 3)
|
Batting: RHB Cosmo Bjorkenheim
|
0-0: Foul Ball, location: 2F 0-1: Swinging Strike 0-2: Ball 1-2: Foul Ball, location: 2F 1-2: Foul Ball, location: 2F 1-2: Ball 2-2: Ball 3-2: Fly out, F2 (Popup, 2L)
|
Top of the 6th over - 0 run(s), 0 hit(s), 0 error(s), 0 left on base; Northville 0 - Athletic Club KC Academy 4 |
BOTTOM OF THE 6TH |
Athletic Club KC Academy batting - Pitching for Northville Eclipse : LHP Zalontae Hillary
|
Batting: RHB Andrés Medina
|
0-0: Called Strike 0-1: Ground out 4-3 (Groundball, 4S)
|
Batting: LHB Matt Herman
|
0-0: Ball 1-0: SINGLE (Groundball, 4MD)
|
Batting: LHB Héctor Barrios
|
0-0: Fielders Choice at 2nd, 3-6 (Groundball, 34)
|
Batting: RHB Fernando Rodríguez
|
0-0: Ball Passed Ball! Héctor Barrios to second 1-0: Called Strike 1-1: Swinging Strike 1-2: Ground out 6-3 (Groundball, 6)
|
Bottom of the 6th over - 0 run(s), 1 hit(s), 0 error(s), 1 left on base; Northville 0 - Athletic Club KC Academy 4 |
TOP OF THE 7TH |
Northville Eclipse batting - Pitching for Athletic Club KC Academy : RHP Rafael Valadez
|
Batting: RHB Luis Guerrero
|
0-0: Ball 1-0: Ball 2-0: Fly out, F9 (Flyball, 9S)
|
Batting: RHB John Townsend
|
0-0: Ball 1-0: Called Strike 1-1: Called Strike 1-2: Ball 2-2: Strikes out swinging
|
Batting: RHB Dave Shaw
|
0-0: Swinging Strike 0-1: Foul Ball, location: 2F 0-2: Strikes out swinging
|
Top of the 7th over - 0 run(s), 0 hit(s), 0 error(s), 0 left on base; Northville 0 - Athletic Club KC Academy 4 |
BOTTOM OF THE 7TH |
Athletic Club KC Academy batting - Pitching for Northville Eclipse : LHP Zalontae Hillary
|
Batting: SHB Gerald Merendino
|
0-0: Called Strike 0-1: Called Strike 0-2: Foul Ball, location: 2F 0-2: Ball 1-2: Ball 2-2: SINGLE (Line Drive, 7S)
|
Batting: RHB Mauro Valverde
|
0-0: Sac Bunt - play at first, batter OUT! 5-3 Gerald Merendino to second
|
Batting: LHB Tsai Ng
|
0-0: Ball 1-0: Ball 2-0: Foul Ball, location: 2F 2-1: Ball 3-1: Base on Balls
|
Batting: RHB Jesús Vargas
|
0-0: Ball 1-0: Ball 2-0: Reached on error, E9 (Flyball, 89M) Gerald Merendino to third Tsai Ng to second
|
Batting: LHB Tony García
|
0-0: Called Strike 0-1: Fly out, F4 (Popup, 4M)
|
Batting: RHB Andrés Medina
|
0-0: Ball 1-0: Called Strike 1-1: Fielders Choice at 2nd, 6-4 (Groundball, 6)
|
Bottom of the 7th over - 0 run(s), 1 hit(s), 1 error(s), 2 left on base; Northville 0 - Athletic Club KC Academy 4 |
TOP OF THE 8TH |
Northville Eclipse batting - Pitching for Athletic Club KC Academy : RHP Rafael Valadez
|
Batting: RHB Ghislain Vespucci
|
0-0: Fly out, F7 (Flyball, 7)
|
Batting: RHB Dan Hart
|
0-0: Foul Ball, location: 2F 0-1: Ball 1-1: Foul Ball, location: 2F 1-2: Ground out 3-1 (Groundball, 34S)
|
Batting: RHB Alfonso Grappasonni
|
0-0: Ball 1-0: Ball 2-0: Ball 3-0: Base on Balls
|
Pitching: RHP Greg Patterson
|
|
Batting: LHB Darrell Woodmansee
|
0-0: Called Strike 0-1: Foul Ball, location: 2F 0-2: Ball 1-2: Foul Ball, location: 2F 1-2: Foul Ball, location: 2F 1-2: Ball 2-2: Foul Ball, location: 2F 2-2: Foul Ball, location: 2F 2-2: Ball 3-2: SINGLE (Groundball, 4MD) Alfonso Grappasonni to second Alfonso Grappasonni to third
|
Pitching: LHP Andrew Sprowle
|
|
Batting: LHB Koen van den Bogaert
|
0-0: Ball Wild Pitch! Alfonso Grappasonni scores Darrell Woodmansee to second 1-0: Foul Ball, location: 2F 1-1: Called Strike 1-2: Ball Passed Ball! Darrell Woodmansee to third 2-2: Ground out 4-3 (Groundball, 4)
|
Top of the 8th over - 1 run(s), 1 hit(s), 0 error(s), 1 left on base; Northville 1 - Athletic Club KC Academy 4 |
BOTTOM OF THE 8TH |
Athletic Club KC Academy batting - Pitching for Northville Eclipse : LHP Zalontae Hillary
|
Batting: LHB Matt Herman
|
0-0: Fly out, F9 (Flyball, 9S)
|
Batting: LHB Héctor Barrios
|
0-0: Ball 1-0: Foul Ball, location: 2F 1-1: Ground out U3 (Groundball, 3L)
|
Batting: RHB Fernando Rodríguez
|
0-0: Ground out 4-3 (Groundball, 4)
|
Bottom of the 8th over - 0 run(s), 0 hit(s), 0 error(s), 0 left on base; Northville 1 - Athletic Club KC Academy 4 |
TOP OF THE 9TH |
Northville Eclipse batting - Pitching for Athletic Club KC Academy : LHP Andrew Sprowle
|
Pitching: RHP Rubén Rivera
|
|
Now at C: Shintaro Yamada
|
|
Batting: RHB Cosmo Bjorkenheim
|
0-0: Ball 1-0: Ball 2-0: Foul Ball, location: 2F 2-1: Ground out 3-1 (Groundball, 34S)
|
Batting: RHB Luis Guerrero
|
0-0: Hit by Pitch
|
Batting: RHB John Townsend
|
0-0: Called Strike 0-1: Fly out, F6 (Popup, 6D)
|
Batting: RHB Dave Shaw
|
0-0: Ball 1-0: Called Strike 1-1: Ball 2-1: Ball 3-1: Ground out 5-3 (Groundball, 5S)
|
Top of the 9th over - 0 run(s), 0 hit(s), 0 error(s), 1 left on base; Northville 1 - Athletic Club KC Academy 4 |
|